Map: 카이로스 정션 - 래더

Players

herO - Winner!

  • Race: Protoss Protoss
  • League: Master
  • Spawn Location: 5:00

soO

  • Race: Zerg Zerg
  • League: Master
  • Spawn Location: 11:00

Event: 2019 Assembly Summer

VOD

Have the link to the VOD?

Description

Time

  • Played on: Aug. 2, 2019, 7:58 a.m.
  • Length: 11:40

All games in this series

Show
View Real Time Build Order
Export as new Build Order

herO Protoss - Winner!

Build Orders: 1 Gate Expand, Chargelot Immortal 

Get SALT Encoding   

  12  0:00  Probe  
  13  0:12  Probe  
  14  0:17  Pylon  
  14  0:24  Probe  
  15  0:35  Gateway  
  15  0:36  Probe  
  16  0:44  Probe, Assimilator  
  17  0:52  Probe  
  18  1:04  Probe  
  19  1:16  Probe  
  20  1:23  Cybernetics Core  
  20  1:34  Nexus  
  20  1:41  Pylon  
  20  1:47  Assimilator  
  20  1:48  Probe  
  20  1:49  Adept  
  21  2:00  Probe  
  24  2:09  Adept  
  24  2:12  Robotics Facility  
  24  2:13  Probe  
  27  2:25  Probe  
  27  2:27  Warp Gate  
  28  2:37  Probe  
  28  2:39  Stalker  
  31  2:47  Probe  
  31  2:49  Probe  
  31  2:51  Warp Prism  
  33  3:00  Probe  
  33  3:01  Probe  
  37  3:09  Sentry  
  37  3:10  Pylon  
  37  3:12  Probe  
  40  3:13  Probe  
  40  3:19  Immortal  
  41  3:24  Probe  
  41  3:25  Probe  
  47  3:38  Gateway  
  49  3:45  Gateway  
  49  3:48  Gateway  
  47  3:50  Immortal  
  49  4:00  Pylon  
  51  4:04  Probe  
  51  4:06  Probe  
  53  4:12  Pylon  
  53  4:17  Probe  
  53  4:18  Probe, Sentry  
  53  4:22  Observer  
  53  4:23  Pylon  
  57  4:29  Pylon  
  57  4:30  Probe x2  
  60  4:33  Zealot  
  62  4:42  Probe x2  
  62  4:43  Assimilator  
  62  4:44  Assimilator  
  64  4:54  Probe  
  64  4:57  Immortal  
  63  5:01  Zealot  
  65  5:12  Probe x2  
  67  5:17  Twilight Council  
  67  5:20  Pylon  
  67  5:24  Sentry  
  67  5:26  Immortal  
  67  5:27  Gateway  
  67  5:28  Probe  
  70  5:31  Gateway x2  
  70  5:40  Zealot  
  70  5:41  Zealot  
  78  5:43  Sentry  
  78  5:47  Shield Battery  
  80  5:55  Charge  
  80  5:57  Pylon  
  80  6:06  Immortal  
  82  6:13  Robotics Bay  
  82  6:23  Zealot x4, Sentry  
  92  6:31  Pylon  
  92  6:32  Immortal  
  92  6:45  Pylon  
  96  6:50  Pylon  
  96  7:02  Disruptor  
  96  7:06  Gravitic Drive  
  96  7:08  Robotics Facility  
  96  7:11  Probe  
  100  7:21  Nexus  
  100  7:23  Pylon  
  100  7:26  Sentry x2  
  100  7:27  Zealot x3  
  100  7:29  Disruptor  
  110  7:34  Pylon  
  110  7:38  Zealot  
  110  7:43  Zealot  
  117  7:48  Zealot  
  117  7:49  Zealot  
  117  7:50  Disruptor  
  117  7:51  Sentry  
  122  8:04  Disruptor  
  126  8:13  Zealot x3  
  128  8:22  Disruptor  
  120  8:29  Zealot x3  
  119  8:37  Zealot x2  
  115  8:45  Immortal  
  119  8:54  Immortal  
  119  8:56  Pylon  
  119  8:58  Zealot  
  119  8:59  Zealot x3  
  119  9:23  Zealot x4, Cybernetics Core  
  127  9:27  Templar Archives  
  127  9:30  Zealot x2  
  131  9:55  Zealot  
  131  9:56  Zealot x5  
  130  10:11  Disruptor  
  126  10:18  High Templar x4, Zealot x2  
  139  10:22  Archon  
  139  10:23  Archon  
  135  10:40  High Templar  
  135  10:41  High Templar  
  139  10:45  Archon  
  139  10:54  Nexus, Zealot x4  
  123  11:13  High Templar x2  
  123  11:14  Zealot  
  123  11:16  Zealot x2, Pylon  
  133  11:19  Archon  
  133  11:21  Zealot  
Show
View Real Time Build Order
Export as new Build Order

soO Zerg 

Build Orders: Hatch First 

Get SALT Encoding   

  12  0:00  Drone  
  13  0:12  Overlord  
  13  0:16  Drone  
  14  0:30  Drone  
  14  0:31  Drone  
  16  0:47  Hatchery  
  15  0:50  Drone  
  15  0:54  Drone  
  17  0:57  Drone  
  18  1:09  Extractor  
  17  1:15  Spawning Pool  
  17  1:16  Drone  
  17  1:23  Drone  
  18  1:29  Drone  
  19  1:39  Drone  
  20  1:49  Drone  
  20  1:50  Hatchery  
  20  2:01  Queen  
  20  2:03  Drone  
  23  2:09  Drone  
  23  2:10  Drone  
  23  2:15  Overlord  
  25  2:24  Queen  
  25  2:28  Zergling x2  
  28  2:33  Metabolic Boost  
  28  2:35  Zergling x2  
  30  2:37  Zergling x2  
  30  2:44  Zergling x2  
  30  2:54  Queen  
  30  2:55  Drone  
  30  2:56  Drone  
  34  2:59  Drone  
  34  3:00  Zergling x2  
  36  3:07  Queen  
  36  3:11  Overlord  
  38  3:13  Drone  
  38  3:16  Drone  
  40  3:21  Drone x2  
  40  3:25  Overlord  
  42  3:31  Drone x3  
  42  3:34  Drone  
  46  3:38  Overlord  
  46  3:41  Drone  
  46  3:42  Drone  
  46  3:45  Drone  
  46  3:46  Drone  
  50  3:48  Overlord  
  50  3:55  Overlord  
  50  3:58  Roach Warren  
  50  3:59  Drone  
  50  4:03  Drone x2  
  50  4:06  Drone x2  
  50  4:09  Extractor  
  53  4:10  Extractor  
  53  4:13  Drone x3  
  53  4:14  Drone  
  53  4:16  Drone  
  55  4:19  Drone x2  
  55  4:21  Drone  
  58  4:28  Drone  
  58  4:30  Drone  
  59  4:39  Roach x6  
  71  4:45  Overlord  
  71  4:46  Overlord  
  71  4:49  Overlord  
  70  5:06  Drone x3  
  70  5:07  Spore Crawler  
  70  5:11  Zergling x24  
  80  5:14  Lair  
  80  5:17  Ravager x2  
  80  5:18  Ravager  
  83  5:23  Zergling x8  
  83  5:27  Ravager  
  88  5:30  Zergling x6  
  88  5:35  Drone x3  
  94  5:39  Drone  
  95  5:43  Ravager  
  95  5:44  Ravager  
  95  5:47  Overlord x2  
  97  5:50  Overlord  
  97  5:52  Overlord  
  97  5:54  Overlord  
  97  6:00  Overlord  
  97  6:02  Drone  
  97  6:09  Drone x6  
  97  6:11  Glial Reconstitution  
  102  6:13  Overseer, Roach x2  
  102  6:15  Extractor  
  102  6:16  Roach x4, Extractor  
  112  6:22  Roach x2  
  115  6:27  Roach  
  115  6:29  Roach  
  117  6:35  Roach x2  
  117  6:37  Overlord  
  117  6:38  Overlord  
  121  6:44  Roach x4  
  121  6:45  Overlord  
  129  6:53  Overlord  
  129  6:56  Overlord  
  129  7:06  Roach x9  
  147  7:19  Overlord  
  161  7:22  Roach  
  161  7:23  Roach x8, Ravager  
  166  7:31  Ravager, Overlord  
  166  7:35  Overlord  
  166  7:38  Roach  
  166  7:39  Roach x2  
  166  7:41  Ravager  
  177  7:44  Roach x2  
  177  7:51  Roach x3  
  181  7:59  Roach x5  
  191  8:09  Ravager  
  191  8:12  Roach x4  
  174  8:28  Roach x2, Zergling x16  
  175  8:37  Zergling x2  
  166  8:43  Roach x6  
  171  8:49  Roach x2  
  171  8:52  Ravager  
  171  8:53  Ravager  
  177  8:59  Zergling x6  
  180  9:06  Hatchery  
  153  9:19  Zergling x22  
  162  9:27  Baneling Nest  
  162  9:30  Zergling x10  
  166  9:41  Ravager x2  
  166  9:42  Zergling x6  
  171  9:50  Zergling x14  
  178  9:58  Queen  
  180  10:00  Roach  
  168  10:12  Baneling x13  
  168  10:13  Roach x2  
  168  10:14  Roach x5  
  166  10:21  Ravager x3  
  151  10:22  Roach x3  
  153  10:33  Roach x7  
  167  10:40  Roach  
  167  10:41  Roach x5  
  161  10:45  Zergling x8  
  164  10:54  Zergling x6  
  131  11:04  Roach x6  
  131  11:08  Roach x3  
  140  11:13  Roach x6  
  140  11:14  Ravager x2  
  140  11:15  Baneling  
  140  11:16  Baneling  
Tags
 
Add a new tag
Caveats
  • Supply blocks, unpowered buildings, or Contaminate may cause inaccurate times.
  • Supply counts are checked every 10 seconds.